 Dungeon Crawl Stone Soup version 0.31-a0-236-g9a0961fb85 (webtiles) character file.

Game seed: 15504427799863266756

84 qw the Shooter (level 4, -4/26 HPs)
             Began as a Gargoyle Hexslinger on July 9, 2023.
             Slain by an iguana (7 damage)
             ... on level 3 of the Dungeon.
             The game lasted 00:00:48 (2101 turns).

qw the Shooter (Gargoyle Hexslinger)                Turns: 2101, Time: 00:00:49

Health: -4/26      AC: 14    Str: 12    XL:     4   Next: 46%
Magic:  0/5        EV: 10    Int: 13    God:
Gold:   155        SH:  0    Dex: 14    Spells: 4/5 levels left

rFire   . . .        Y - +2 sling
rCold   . . .        (no shield)
rNeg    + . .        j - +0 ring mail
rPois   inf          c - +2 helmet
rElec   +            (no cloak)
rCorr   .            g - +1 pair of gloves
SInv    .            (no boots)
Will    .....        b - amulet of guardian spirit
Stlth   +            (no ring)
HPRegen 0.24/turn    (no ring)
MPRegen 0.09/turn

%: guardian spirit
@: no status effects
A: sickness immunity, AC +3, negative energy resistance 1, electricity
resistance, torment resistance 1, petrification resistance
a: no special abilities


You were on level 3 of the Dungeon.
You visited 1 branch of the dungeon, and saw 4 of its levels.

You collected 221 gold pieces.
You spent 66 gold pieces at shops.


Innate Abilities, Weirdness & Mutations

You are immune to sickness and miasma.
Your stone body is resilient. (AC +3)
You are immune to poison.
You resist negative energy. (rN+)
You are resistant to electric shocks. (rElec)
You are resistant to unholy torment.
You are immune to petrification.


   Skills:
 - Level 2.0 Fighting
 + Level 3.9 Ranged Weapons
 - Level 1.3 Armour
 - Level 1.5 Dodging
 - Level 1.0 Spellcasting
 - Level 2.6 Hexes


You had 4 spell levels left.
You knew the following spells:

 Your Spells              Type           Power      Damage    Failure   Level
a - Slow                  Hex            28%        N/A       21%         1

Your spell library contained the following spells:

 Spells                   Type           Power      Damage    Failure   Level
 Inner Flame              Hex/Fire       4%         N/A       71%         3
 Portal Projectile        Hex/Tloc       8%         N/A       71%         3
 Cause Fear               Hex            3%         N/A       90%         4

Inventory:

Hand Weapons
 Y - a +2 sling (weapon)
Armour
 c - a +2 helmet (worn)
 g - a +1 pair of gloves (worn)
 j - a +0 ring mail (worn)
Jewellery
 b - an amulet of guardian spirit (around neck)
Scrolls
 h - a scroll of identify
Potions
 a - a potion of curing
 d - a potion of lignification {unknown}
 k - a potion of might

Dungeon Overview and Level Annotations

Branches:
Dungeon (4/15)
 Temple: D:4-7

Altars:

Shops:
D:2 :[([

Annotations:
D:3 2 runed translucent doors, qw's ghost, amateur MiHs
D:4 Grinder


Message History

You climb upwards.
Level annotation: 2 runed translucent doors, qw's ghost, amateur MiHs
There is a stone staircase leading down here.
Enter note:
Enter note:
Enter note:
Enter note:
Enter note:
Enter note:
Enter note:
Enter note:
Enter note:
Enter note:
Enter note:
Enter note:
Enter note:
Enter note:
Enter note:
Enter note:
Enter note:
Enter note:
Enter note:
Enter note:
Enter note: You shoot a sling bullet.
The sling bullet hits the iguana but does no damage.
The adder bites you but does no damage.
The iguana bites you but does no damage.
The adder closely misses you. The iguana barely misses you.
You shoot a sling bullet. The sling bullet hits the iguana.
The iguana is moderately wounded.
The adder barely misses you. The iguana bites you!
The adder bites you but does no damage.
You shoot a sling bullet. The sling bullet hits the iguana.
The iguana is moderately wounded.
The iguana barely misses you. The adder barely misses you.
You shoot a sling bullet. The sling bullet hits the iguana.
The iguana is severely wounded.
The adder closely misses you. The iguana bites you!
You die...

############.# #######
#............# #......
#.##########.# #.##### #.#
#.# ###......
#)##########.# #.#..####
#............# #........
#............#####......##
#.........................
#.####..S@.........<...##.
#.......l......[##.....+..
#.........#.....##.....##.
#.......................'.
#.........##....#.....###.
##.............##.........
#......#.....#.......#####
#......#.....#.#.#.....###
#......#...#######........


You could see an iguana and an adder.

Vanquished Creatures
  2 adders (D:3)
  A worm (D:2)
  2 dart slugs
  2 orcs (D:3)
  3 ball pythons
  8 bats
  3 endoplasms
  3 giant cockroaches
  9 hobgoblins
  6 kobolds
  A quokka (D:2)
  A frilled lizard (D:1)
  6 goblins
  4 rats
51 creatures vanquished.

Notes
Turn   | Place    | Note
-------+----------+-------------------------------------------
     0 | D:1      | qw the Gargoyle Hexslinger began the quest for the Orb.
     0 | D:1      | Reached XP level 1. HP: 12/12 MP: 2/2
     0 | D:1      | 0 ||| qw: Version: 0.3-a-51-g015441d
     0 | D:1      | 0 ||| qw: Game counter: 4410
     0 | D:1      | 0 ||| qw: Melee chars always use a shield: true
     0 | D:1      | 0 ||| qw: God list: Okawaru
     0 | D:1      | 0 ||| qw: Allow faded altars: false
     0 | D:1      | 0 ||| qw: Do Orc after clearing Dungeon:15 true
     0 | D:1      | 0 ||| qw: Do second Lair branch before Depths: true
     0 | D:1      | 0 ||| qw: Lair rune preference: random
     0 | D:1      | 0 ||| qw: Goals: Normal
     0 | D:1      | 0 ||| PLANNING D:1-11
   120 | D:1      | Reached XP level 2. HP: 16/16 MP: 3/3
   220 | D:1      | Reached skill level 3 in Ranged Weapons
   606 | D:1      | 606 ||| UPGRADING to +0 pair of gloves.
   611 | D:1      | 611 ||| READING scroll labelled SULAOROORO.
   612 | D:1      | 612 ||| READING scroll labelled ADAUJYCZU.
   613 | D:1      | 613 ||| READING scroll labelled GIUQATHOWAS.
   614 | D:1      | 614 ||| READING 2 scrolls labelled WOPUGG BEIRPH.
   615 | D:1      | 615 ||| READING scroll labelled QAKEKU RUATSYFF.
   616 | D:1      | 616 ||| DROPPING scroll of poison.
   651 | D:2      | Reached XP level 3. HP: 21/21 MP: 4/4
   661 | D:2      | Found Eriv Qoi's Book Shop.
   883 | D:2      | Found Izxium's Antique Weapon Emporium.
   899 | D:2      | 899 ||| READING scroll of enchant armour.
   899 | D:2      | 899 ||| ENCHANTING +0 pair of gloves.
   920 | D:2      | Found Vokid's Armour Boutique.
   929 | D:2      | 929 ||| BUYING +0 leather armour (22 gold).
   929 | D:2      | Bought a +0 leather armour for 22 gold pieces
   929 | D:2      | 929 ||| BUYING +0 ring mail (44 gold).
   929 | D:2      | Bought a +0 ring mail for 44 gold pieces
   929 | D:2      | 929 ||| SHOPLISTING +1 pair of boots (126 gold, have 65).
   929 | D:2      | 929 ||| SHOPLISTING +2 helmet (181 gold, have 65).
   929 | D:2      | 929 ||| SHOPLISTING +2 helmet of see invisible (236 gold,
                  | have 65).
  1056 | D:2      | Found Cuox's Antique Armour Shop.
  1185 | D:2      | 1185 ||| UPGRADING to +0 leather armour.
  1195 | D:2      | 1195 ||| DROPPING +0 robe.
  1196 | D:2      | 1196 ||| UPGRADING to +0 ring mail.
  1206 | D:2      | 1206 ||| DROPPING +0 leather armour.
  1207 | D:2      | 1207 ||| DROPPING +6 ring of intelligence.
  1208 | D:2      | 1208 ||| READING scroll labelled ZAEBREDOKH.
  1209 | D:2      | 1209 ||| READING scroll labelled TOOGARR YKKITT.
  1213 | D:2      | 1213 ||| READING scroll labelled CEVAOL TEETOF.
  1214 | D:2      | 1214 ||| DRINKING 2 viscous blue potions.
  1274 | D:3      | 1274 ||| FLEEEEING.
  1368 | D:3      | Reached skill level 1 in Armour
  1393 | D:3      | Reached XP level 4. HP: 26/26 MP: 5/5
  1506 | D:3      | Found a large runed translucent door.
  1506 | D:3      | Found a large runed translucent door.
  1511 | D:3      | Noticed qw's ghost (amateur MiHs)
  1583 | D:3      | 1583 ||| Stepping ~*~*~tactically~*~*~ (outnumbered).
  2054 | D:3      | 2054 ||| UPGRADING to +2 helmet.
  2059 | D:3      | 2059 ||| UPGRADING to amulet of guardian spirit.
  2064 | D:3      | 2064 ||| READING 2 scrolls of identify.
  2064 | D:3      | 2064 ||| IDENTIFYING blue potion
  2088 | D:4      | Noticed Grinder
  2091 | D:4      | 2091 ||| STAIRDANCE
  2091 | D:4      | Paralysed by Grinder for 5 turns
  2096 | D:4      | 2096 ||| STAIRDANCE
  2099 | D:3      | HP: 2/26 [iguana (6)]
  2101 | D:3      | Slain by an iguana

Levels and vault maps discovered:
D:1:      saegor_arrival_simple_c, layout_loops_cross
D:2:      layout_basic, serial_shops, shop, nicolae_shop_real_fake_doors,
          nicolae_shop_just_a_little_nook, shop
D:3:      layout_basic, ebering_ghost_disaster_area, corexii_corridor_pit,
          hangedman_glass_teeth, minmay_surrounded
D:4:      layout_gridville, uniq_grinder, uniq_pargi, uniq_menkaure

Skill      XL: |  1  2  3 |
---------------+----------+-----
Ranged Weapons | 3 |  3.9
Fighting       | 2 |  2.0
Armour         | 1 |  1.3
Dodging        | |  1.5
Spellcasting   | |  1.0
Hexes          | |  2.6

Action                     |  1- 3 |  4- 6 || total
---------------------------+-------+-------++-------
   Fire: Sling             |   102 |    48 ||   150
    Use: Scroll            |     9 |     1 ||    10
         Potion            |     1 |       ||     1
 Armour: Robe              |    10 |       ||    10
         Ring mail         |     4 |    20 ||    24
  Dodge: Dodged            |    13 |    16 ||    29

Table legend:
 A = Non-vault XP
 B = Vault XP
 C = Vault XP percentage of total XP
 D = Non-vault monster count
 E = Vault monster count
 F = Vault count percentage of total count
                 A         B        C        D         E       F
            +---------+---------+-------+---------+---------+-------
      Total |     116 |       5 |   4.1 |      48 |       3 |   5.9
            +---------+---------+-------+---------+---------+-------
        D:1 |      31 |       0 |   0.0 |      19 |       0 |   0.0
        D:2 |      27 |       0 |   0.0 |      11 |       0 |   0.0
        D:3 |      58 |       5 |   7.9 |      18 |       3 |  14.3
            +---------+---------+-------+---------+---------+-------
